[Event "Late-Titled-Tuesday-Blitz-February-13-2024"]
[Site "Chess.com"]
[Date "2024.02.13"]
[Round "6"]
[White "Jaka_Brilej"]
[Black "GothamChess"]
[Result "0-1"]
[WhiteElo "2532"]
[BlackElo "2714"]
[TimeControl "180+1"]
[EndTime "15:06:51 PST"]
[Termination "GothamChess won by resignation"]

1. e4 d5 2. exd5 Qxd5 3. Nc3 Qa5 4. d4 Nf6 5. Nf3 Bf5 6. Bd2 e6 7. Bc4 Bb4 8. a3 Bxc3 9. Bxc3 Qb6 10. O-O Nc6 11.
Ne5 O-O 12. Nxc6 Qxc6 13. Qe2 Bxc2 14. d5 exd5 15. Bb5 Qb6 16. Bxf6 gxf6 17. Qxc2 Qxb5 18. Qxc7 Qxb2 19. Rab1 Qxa3 20. Rxb7 a5 21. h3 Ra6 22. Rfb1 a4 23. Rb8 Qd6 24. Rxf8+ Kxf8 25. Rb8+ Kg7 26. Qxd6 Rxd6 27. Ra8 f5 28. Rxa4 Kf6 29. Kf1 Ke5 30. Rh4 h6 31. Ke2 Ra6 32. Rh5 d4 33. g4 Ra2+ 34.
Ke1 Ke4 35. Rxf5 Kd3 36. Rf3+ Kc2 37. Ke2 Ra7 38. Rxf7 Rxf7 0-1

[Event "Late-Titled-Tuesday-Blitz-February-13-2024"]
[Site "Chess.com"]
[Date "2024.02.13"]
[Round "6"]
[White "Ducke13"]
[Black "scandalgod"]
[Result "1-0"]
[WhiteElo "2356"]
[BlackElo "2507"]
[TimeControl "180+1"]
[EndTime "15:06:51 PST"]
[Termination "Ducke13 won on time"]

1. d4 d5 2. Nf3 Nf6 3. g3 c6 4. c4 Bf5 5. Nc3 e6 6. Nh4 Be4 7. f3 Bg6 8. Qb3 Qb6 9. Nxg6 hxg6 10.
c5 Qc7 11. e4 Nbd7 12. exd5 exd5 13. Bf4 Qc8 14. O-O-O Be7 15. Re1 Nf8 16. h4 Nh5 17. Nxd5 cxd5 18. Bb5+ Nd7 19. Bd6 O-O 20. Bxe7 Nxg3 21.
Bxf8 Nxf8 22. Rhg1 Nh5 23. Re8 Qf5 24. Rxa8 Nf4 25. Qe3 Ne6 26. Re1 Kh7 27. Bd3 Qh3 28. Rxa7 Nd7 29. Rxb7 Nf6 30. Rxf7 1-0

[Event "Late-Titled-Tuesday-Blitz-February-13-2024"]
[Site "Chess.com"]
[Date "2024.02.13"]
[Round "6"]
[White "HanSchut"]
[Black "tgpgoat"]
[Result "0-1"]
[WhiteElo "2263"]
[BlackElo "2527"]
[TimeControl "180+1"]
[EndTime "15:06:58 PST"]
[Termination "tgpgoat won on time"]

1. e4 c5 2. Nf3 e6 3. c4 Nc6 4. Nc3 Qc7 5. Be2 a6 6. O-O Nf6 7. d4 Ng4 8. d5 Nd4 9. g3 Nxe2+ 10.
Qxe2 h5 11. e5 d6 12. Bf4 dxe5 13. Nxe5 Bd6 14. Nxg4 Bxf4 15. dxe6 Bxe6 16. Nd5 Qc6 17. gxf4 hxg4 18. f5 Kd7 19. fxe6+ fxe6 20. Qxg4 Rae8 21. Rad1 Kc8 22. Nf4 Kb8 23. Rfe1 e5 24. Nd5 Rh6 25. Qg3 Rg6 26. Re3 Ka7 27. Rde1 Rxg3+ 28. hxg3 Qa4 29.
Rxe5 Rxe5 30. Rxe5 Qxa2 31. Ne3 Qxb2 32. Rxc5 Qb4 33.
Rc7 a5 34. c5 Ka6 35. c6 Qb1+ 36. Kh2 Qb6 37. Rxb7 Qxc6 0-1

[Event "Late-Titled-Tuesday-Blitz-February-13-2024"]
[Site "Chess.com"]
[Date "2024.02.13"]
[Round "6"]
[White "Chemim21"]
[Black "nindjaxx8"]
[Result "0-1"]
[WhiteElo "2231"]
[BlackElo "2553"]
[TimeControl "180+1"]
[EndTime "15:06:58 PST"]
[Termination "nindjaxx8 won on time"]

1. e4 e6 2. d4 d5 3. exd5 exd5 4. Nf3 Nf6 5. c3 Bd6 6. Bd3 O-O 7. O-O Bg4 8. h3 Bh5 9. Bg5 Nbd7 10. Nbd2 c5 11.
Re1 Qb6 12. Rb1 cxd4 13. cxd4 Bb4 14. g4 Bg6 15. Bxg6 hxg6 16. Re2 Rae8 17. Bxf6 Nxf6 18. a3 Bxd2 19. Qxd2 Ne4 20. Qd3 Re6 21. Rbe1 Rfe8 22.
Ne5 Kh7 23. h4 Rf6 24. h5 gxh5 25. Nd7 Qd6 26. Nxf6+ gxf6 27. gxh5 f5 28. Qf3 Qf6 29. Qf4 Rg8+ 30. Kh2 Rg4 31. Rxe4 dxe4 32. Qe3 Qh4+ 33. Qh3 Qxf2+ 0-1

[Event "Late-Titled-Tuesday-Blitz-February-13-2024"]
[Site "Chess.com"]
[Date "2024.02.13"]
[Round "6"]
[White "sansanathalia"]
[Black "Dewarfd"]
[Result "1-0"]
[WhiteElo "2384"]
[BlackElo "2160"]
[TimeControl "180+1"]
[EndTime "15:06:59 PST"]
[Termination "sansanathalia won on time"]

1. e4 c5 2. Nf3 g6 3. c3 d5 4.
exd5 Qxd5 5. d4 Bg7 6. Na3 Nf6 7.
Bc4 Qe4+ 8. Be3 cxd4 9. Bxf7+ Kf8 10. cxd4 Bg4 11. Bc4 Bxf3 12. Qxf3 Qxf3 13. gxf3 Nc6 14.
O-O a6 15. Rfd1 Rd8 16. Nc2 Nd7 17. Rd3 Nb6 18. Bb3 Nd5 19. Bd2 e6 20. Re1 Kf7 21. Bc3 Rhe8 22. Bd2 h6 23. Re4 g5 24.
Kg2 Bf6 25. a3 Kg6 26. Re1 e5 27. Re4 Nxd4 28. Nxd4 exd4 29. Rxe8 Rxe8 30. Bxd5 Re2 31.
Be4+ 1-0

[Event "Late-Titled-Tuesday-Blitz-February-13-2024"]
[Site "Chess.com"]
[Date "2024.02.13"]
[Round "6"]
[White "CarlosjPineror"]
[Black "VinzentSpitzl"]
[Result "1-0"]
[WhiteElo "2694"]
[BlackElo "2510"]
[TimeControl "180+1"]
[EndTime "15:07:00 PST"]
[Termination "CarlosjPineror won on time"]

1. e4 c5 2. Nf3 d6 3. d4 cxd4 4. Nxd4 Nf6 5. Nc3 a6 6. Bg5 e6 7.
f4 Qc7 8. Qe2 b5 9. O-O-O Bb7 10. a3 Nbd7 11. Nf3 Rb8 12. Qe1 h6 13. Bh4 g5 14.
fxg5 hxg5 15. Bxg5 Ng4 16. h3 Bg7 17. Bd3 Nge5 18.
Kb1 Bc6 19. Ne2 Nxf3 20. gxf3 a5 21. Qg3 b4 22. a4 Nc5 23. Bd8 Rxd8 24. Qxg7 Ke7 25.
Qg5+ Kd7 26. Bb5 Kc8 27. Bxc6 Qxc6 28. b3 Rhg8 29. Qe3 Rg2 30. Rdg1 Rdg8 31. Rxg2 Rxg2 32.
h4 d5 33. h5 dxe4 34. h6 exf3 35. Nd4 Qe4 36. Qxe4 Nxe4 37. h7 f2 38. h8=Q+ Kc7 39. Nb5+ Kd7 40. Rd1+ Kc6 41. Qc8+ 1-0

[Event "Late-Titled-Tuesday-Blitz-February-13-2024"]
[Site "Chess.com"]
[Date "2024.02.13"]
[Round "6"]
[White "elgrona"]
[Black "bazar-wokzal"]
[Result "0-1"]
[WhiteElo "2347"]
[BlackElo "2649"]
[TimeControl "180+1"]
[EndTime "15:07:00 PST"]
[Termination "bazar-wokzal won on time"]

1. Nf3 c5 2. b3 d5 3. Bb2 Nc6 4. e3 a6 5. d4 Bg4 6. dxc5 e6 7. c4 Nf6 8. cxd5 exd5 9. Nbd2 Bxc5 10. Rc1 Bb4 11.
a3 Bxf3 12. gxf3 Be7 13. f4 O-O 14. Nf3 Ne4 15. Rg1 Qa5+ 16. Nd2 Bf6 17. b4 Qd8 18. Bxf6 Nxf6 19. Nf3 Re8 20. Be2 Qb6 21. Kf1 Rad8 22. Rc5 Ne4 23. Qa1 d4 24. exd4 g6 25. d5 Ne7 26.
Ne5 Nxd5 27. Ng4 Ndf6 28. Nh6+ Kf8 29. f5 Nxc5 30. fxg6 hxg6 31. bxc5 Qe6 32. Bf3 Qe5 33. Qc1 Rd4 34. Rg5 Qxh2 35. c6 bxc6 0-1

[Event "Late-Titled-Tuesday-Blitz-February-13-2024"]
[Site "Chess.com"]
[Date "2024.02.13"]
[Round "6"]
[White "KacperKacprzak"]
[Black "GM4life"]
[Result "1-0"]
[WhiteElo "2720"]
[BlackElo "2545"]
[TimeControl "180+1"]
[EndTime "15:07:04 PST"]
[Termination "KacperKacprzak won by resignation"]

1. e4 d6 2. d4 Nc6 3. d5 Nb8 4.
Nf3 Nf6 5. Nc3 g6 6. Bd3 Bg7 7. O-O O-O 8. Re1 c6 9. h3 cxd5 10. exd5 a6 11. Bg5 Nbd7 12. Qd2 b5 13. Bh6 Bb7 14.
Bxg7 Kxg7 15. Nd4 b4 16. Nd1 Nxd5 17. Qg5 e6 18. Qg3 Ne5 19. f4 Nxd3 20. cxd3 Qb6 21.
Qf2 Rac8 22. Re4 Rfe8 23. Kh2 Qc5 24. Qg3 Nf6 25. Nb3 Nxe4 26. dxe4 Qc2 27. Ne3 Qxe4 28. Re1 Qd3 29. Qh4 h5 30. Qg3 Qb5 31. f5 exf5 32.
Nd4 Rxe3 33. Rxe3 Qd5 34. Ne2 h4 35. Qg5 f6 36. Re7+ Qf7 37. Rxf7+ Kxf7 38. Qxh4 Be4 39. Ng3 Bd5 40. Qh7+ Ke6 41. Qxg6 f4 42. Qf5+ 1-0

[Event "Late-Titled-Tuesday-Blitz-February-13-2024"]
[Site "Chess.com"]
[Date "2024.02.13"]
[Round "6"]
[White "SouS007"]
[Black "Willhaven3"]
[Result "1-0"]
[WhiteElo "2496"]
[BlackElo "2612"]
[TimeControl "180+1"]
[EndTime "15:07:04 PST"]
[Termination "SouS007 won on time"]

1. e4 c5 2. Nf3 Nc6 3. d4 cxd4 4. Nxd4 Nf6 5. Nc3 d6 6. Bg5 e6 7. Qd2 a6 8. O-O-O h6 9. Nxc6 bxc6 10. Bf4 d5 11. Qe3 Bb4 12. Be2 Qe7 13. Qg3 Rg8 14. e5 Nd7 15. h4 Kf8 16. Rh3 Rb8 17.
Qd3 Nb6 18. Qh7 Qe8 19. Rg3 Ke7 20. Rxg7 Rxg7 21. Qxg7 Bxc3 22. bxc3 Kd7 23. Bh5 Nc4 24. Rd4 Qe7 25. Rxc4 dxc4 26. Bxh6 Qa3+ 27. Kd2 Kc7 28. Qxf7+ Bd7 29. Be3 Rb1 30. Ke2 Qxc3 31. Qf8 Qxc2+ 32. Kf3 Qf5+ 33. Qxf5 exf5 34. Bf7 c3 35. Bf4 Kd8 36.
Bg5+ Kc7 37. Bf4 Kd8 38. e6 1-0

[Event "Late-Titled-Tuesday-Blitz-February-13-2024"]
[Site "Chess.com"]
[Date "2024.02.13"]
[Round "6"]
[White "Tolya2"]
[Black "Teidi96"]
[Result "1-0"]
[WhiteElo "2506"]
[BlackElo "2281"]
[TimeControl "180+1"]
[EndTime "15:07:04 PST"]
[Termination "Tolya2 won by resignation"]

1. Nf3 d5 2. d4 e6 3. c4 Nf6 4. g3 dxc4 5. Bg2 c5 6. Qa4+ Bd7 7. Qxc4 Bc6 8. dxc5 Bd5 9. Qa4+ Bc6 10. Qc2 Qa5+ 11. Nc3 Qxc5 12. O-O Be7 13. Be3 Qa5 14. a3 O-O 15. b4 Qc7 16. Rac1 a6 17. Na4 Nbd7 18. Nd4 Rac8 19. Nxc6 bxc6 20. Qxc6 Qxc6 21. Rxc6 a5 22.
bxa5 Bxa3 23. a6 Nd5 24. Bxd5 exd5 25. Rxc8 Rxc8 26. Ra1 Be7 27. Nb6 Nxb6 28. Bxb6 h6 29. a7 Ra8 30. Bd4 Bf6 31. Rb1 Bxd4 32. Rb8+ Kh7 33.
Rxa8 Kg6 34. e3 Bc5 35. Kf1 Kf6 36. Ke2 Bb6 37. Kd3 h5 38. h3 g6 39. Kc3 Bc5 40. Kd3 Bb6 41. Rd8 Bxa7 42. Rxd5 Bb8 43.
Rb5 Bc7 44. Ke4 Bd8 45. Rb8 Bc7 46. Rb7 Bd8 47. g4 hxg4 48. hxg4 Ba5 49. f4 Bd8 50.
g5+ Ke6 51. Rb8 Bc7 52. Rc8 Ba5 53. Rc6+ Ke7 54. Ra6 Bb4 55. Kd5 Bd2 56. Ra7+ Kf8 57. Ke4 Bc1 58. Kf3 Bd2 59. e4 Bc1 60. Kg4 Bd2 61. Rb7 Bc1 62. f5 gxf5+ 63. exf5 Bd2 64. Kh5 Be3 65. Rb8+ Kg7 66. f6+ Kh7 67. Rf8 Bxg5 68. Rxf7+ Kg8 69. Rg7+ Kh8 70. Rxg5 1-0

[Event "Late-Titled-Tuesday-Blitz-February-13-2024"]
[Site "Chess.com"]
[Date "2024.02.13"]
[Round "6"]
[White "yuriydovzik"]
[Black "wild3000"]
[Result "0-1"]
[WhiteElo "2108"]
[BlackElo "2313"]
[TimeControl "180+1"]
[EndTime "15:07:04 PST"]
[Termination "wild3000 won on time"]

1. e4 e5 2. Nf3 Nf6 3. Nc3 Nc6 4.
Bc4 Be7 5. d3 O-O 6. a3 d6 7. h3 Be6 8. Nd5 Bxd5 9. exd5 Nb8 10. Ba2 c6 11. dxc6 Nxc6 12. O-O d5 13.
Re1 Qd6 14. Bg5 h6 15. Bh4 Rfe8 16. Bg3 Bf8 17. d4 Ne4 18. Bxe5 Nxe5 19. dxe5 Qb6 20.
Re2 Bc5 21. Qe1 Rad8 22. b4 Bf8 23. c4 Ng5 24. Nxg5 hxg5 25. cxd5 a5 26. d6 axb4 27. axb4 Qd4 28. Rd1 Qf4 29. Re4 Qf5 30. g4 Qg6 31. d7 Re7 32. e6 fxe6 33. Rxe6 Rxe6 34. Qxe6+ Qxe6 35. Bxe6+ Kh7 36. b5 b6 37. Rc1 Bc5 38.
Kg2 Kg6 39. Bf5+ Kf6 40. Re1 Kf7 41. Re4 g6 42. Re8 Be7 0-1

[Event "Late-Titled-Tuesday-Blitz-February-13-2024"]
[Site "Chess.com"]
[Date "2024.02.13"]
[Round "6"]
[White "Grischuk"]
[Black "tptagain"]
[Result "1-0"]
[WhiteElo "3094"]
[BlackElo "2862"]
[TimeControl "180+1"]
[EndTime "15:07:06 PST"]
[Termination "Grischuk won by checkmate"]

1. d4 d5 2. c4 e6 3. Nc3 c6 4. Nf3 dxc4 5. e4 b5 6. a4 Bb4 7.
Be2 Bb7 8. O-O a6 9. Bg5 Ne7 10. e5 h6 11. Bh4 g5 12. Bg3 Nf5 13. Ne4 Nd7 14. b3 c5 15. Nd6+ Nxd6 16. exd6 Bc3 17. bxc4 Bxa1 18. Qxa1 O-O 19. cxb5 axb5 20. Bxb5 Bxf3 21.
gxf3 cxd4 22. Qxd4 Qf6 23. Qe3 Rfd8 24. Rc1 Qf5 25.
h4 Nf6 26. Rc5 Nd5 27. Qe4 Qh3 28. hxg5 hxg5 29. d7 Kg7 30. Rxd5 Rh8 31. Rxg5+ Kh6 32. Rg4 f5 33. Qxe6+ Kh5 34. Qg6# 1-0

[Event "Late-Titled-Tuesday-Blitz-February-13-2024"]
[Site "Chess.com"]
[Date "2024.02.13"]
[Round "6"]
[White "combidharma"]
[Black "N_Mullodzhanov"]
[Result "1-0"]
[WhiteElo "2702"]
[BlackElo "2502"]
[TimeControl "180+1"]
[EndTime "15:07:06 PST"]
[Termination "combidharma won by checkmate"]

1. e4 c6 2. d4 d5 3. e5 Bf5 4. h4 h6 5. g4 Be4 6. f3 Bh7 7. e6 Qd6 8. exf7+ Kxf7 9. Ne2 Nf6 10. c3 Nbd7 11. g5 Nh5 12. Bh3 e6 13. Bg4 Bg6 14.
Bxh5 Bxh5 15. Bf4 e5 16. dxe5 Nxe5 17. O-O hxg5 18. hxg5 Re8 19. Nd4 c5 20. Nf5 Qc6 21. Nd2 g6 22. Ng3 Bd6 23. Qc2 Kg7 24. Rae1 Nxf3+ 25. Nxf3 Bxf4 26. Rxe8 Rxe8 27. Nxh5+ gxh5 28. Qf5 Rf8 29. Qh3 Qg6 30. Kh1 Rf7 31. Re1 Kh7 32. Re6 Qb1+ 33. Ng1 Qd1 34. g6+ Kg7 35. gxf7 Kxf7 36. Qf5+ Kg7 37. Rg6+ Kh7 38. Qf7+ Kh8 39.
Qg7# 1-0

[Event "Late-Titled-Tuesday-Blitz-February-13-2024"]
[Site "Chess.com"]
[Date "2024.02.13"]
[Round "6"]
[White "SergioMoralesG"]
[Black "Heinza9"]
[Result "1-0"]
[WhiteElo "2525"]
[BlackElo "2292"]
[TimeControl "180+1"]
[EndTime "15:07:07 PST"]
[Termination "SergioMoralesG won by resignation"]

1. d4 f5 2. c4 Nf6 3. Nf3 d6 4. d5 g6 5. g3 Bg7 6. Bg2 O-O 7. O-O a5 8. Nc3 Na6 9. Qc2 Nc5 10. b3 Bd7 11. Bb2 c6 12. Rad1 Rc8 13. Qb1 h6 14. Nd4 e5 15. dxe6 Nxe6 16. Nxe6 Bxe6 17. Rd2 Qe7 18.
Rfd1 Rcd8 19. e4 f4 20. Ne2 fxg3 21. hxg3 Ng4 22. Bxg7 Kxg7 23. Nd4 Bc8 24. Qb2 Qf6 25. Nf3 Qxb2 26. Rxb2 Ne5 27. Nxe5 dxe5 28. Rbd2 Rxd2 29. Rxd2 Kf6 30. f4 Re8 31. Kf2 exf4 32. gxf4 h5 33. Ke3 Bg4 34. e5+ Kf7 35. Rd6 g5 36. Kd4 gxf4 37. Rf6+ Ke7 38. Rxf4 Rd8+ 39. Kc5 Rd2 40. Be4 Rxa2 41. Kb6 Rb2 42. Kxb7 Rxb3+ 43. Kxc6 a4 44.
Bd5 a3 45. Rf7+ Ke8 46. Ra7 h4 47. c5 Rd3 48. Kd6 Kf8 49. Ra8+ Kg7 50. Rg8+ Kh7 51. Rxg4 a2 52. Rxh4+ Kg6 53. Ra4 Rd2 54. Rxa2 1-0

[Event "Late-Titled-Tuesday-Blitz-February-13-2024"]
[Site "Chess.com"]
[Date "2024.02.13"]
[Round "6"]
[White "GMKrikor"]
[Black "LiemLe"]
[Result "0-1"]
[WhiteElo "2839"]
[BlackElo "3024"]
[TimeControl "180+1"]
[EndTime "15:07:09 PST"]
[Termination "LiemLe won on time"]

1. Nf3 d5 2. c4 d4 3. b4 c5 4. Bb2 Nf6 5. g3 Qc7 6. Bg2 e5 7. O-O e4 8. Ng5 h5 9. Nxe4 Nxe4 10.
Bxe4 h4 11. bxc5 Bxc5 12. d3 Bh3 13. Nd2 Nc6 14. Nf3 hxg3 15. hxg3 Bd6 16. Qe1 Rd8 17. Ng5 Qc8 18. f4 Be7 19. Nxh3 Qxh3 20. Bg2 Qh2+ 21. Kf2 Rh3 22. Kf3 g5 23. Bxh3 Qxh3 24. Rh1 Qf5 25. Rh8+ Kd7 26. Rxd8+ Bxd8 27. Qh1 gxf4 28. Kg2 f3+ 29.
exf3 Qxd3 30. Qf1 Qc2+ 31. Qf2 Qxc4 32. Rd1 Bb6 33. Kh2 Kc7 34. Qd2 Qxa2 35. Qf4+ Kc8 36. Rd2 Qc4 37. Rg2 a5 38. Qf5+ Kb8 39. Qc2 Qb5 0-1

[Event "Late-Titled-Tuesday-Blitz-February-13-2024"]
[Site "Chess.com"]
[Date "2024.02.13"]
[Round "6"]
[White "Championnn-9"]
[Black "Boninknights"]
[Result "1-0"]
[WhiteElo "2533"]
[BlackElo "2364"]
[TimeControl "180+1"]
[EndTime "15:07:09 PST"]
[Termination "Championnn-9 won by resignation"]

1. d4 Nf6 2. Bf4 d5 3. Nc3 c6 4. e3 Bf5 5. Nf3 h6 6. Ne5 Nbd7 7. Bd3 e6 8. Bxf5 exf5 9. Qd3 g6 10. h3 Bb4 11. f3 Qa5 12. O-O Bxc3 13. bxc3 Nh5 14. Nxd7 Nxf4 15. Nf6+ Ke7 16. exf4 Kxf6 17. Rae1 Rhe8 18. Re5 Qxa2 19. Rfe1 Re6 20. Rxe6+ fxe6 21. Qe2 Re8 22. Qe5+ Kf7 23. Re2 Qc4 24. Re3 a5 25. Qc7+ Re7 26. Qxa5 b5 27. Kh2 c5 28. Rd3 cxd4 29.
cxd4 Qxc2 30. Qxb5 g5 31. fxg5 hxg5 32. Re3 Qd2 33.
Rd3 Qf4+ 34. Kg1 Rc7 35. Rd1 Rc2 36. Qd7+ Kf6 37. Qd8+ Kg6 38. Qe8+ Kf6 39. Qf8+ Kg6 40. Qg8+ Kf6 41. Re1 Qxd4+ 42. Kh1 Re2 43. Qh8+ Kg6 44.
Qxd4 Rxe1+ 45. Kh2 Rb1 46. Qe3 Kf6 47. Qc3+ e5 48. Qc6+ Kg7 49. Qxd5 1-0

[Event "Late-Titled-Tuesday-Blitz-February-13-2024"]
[Site "Chess.com"]
[Date "2024.02.13"]
[Round "6"]
[White "platy3"]
[Black "jefferyx"]
[Result "1-0"]
[WhiteElo "2961"]
[BlackElo "3034"]
[TimeControl "180+1"]
[EndTime "15:07:10 PST"]
[Termination "platy3 won by resignation"]

1. e4 c5 2. Nf3 e6 3. d4 cxd4 4. Nxd4 Nc6 5. Nc3 a6 6. Nxc6 bxc6 7. Bd3 d5 8. O-O Bb7 9. Re1 Qc7 10. Qg4 Nf6 11.
Qg3 Qxg3 12. hxg3 Nd7 13. Na4 Nc5 14. Nxc5 Bxc5 15. Bd2 a5 16. a4 Ke7 17. b3 Rhb8 18. Rad1 h6 19. Bc3 Kf8 20. g4 Bc8 21. Be5 Rb4 22.
Bc3 Rbb8 23. Be5 Rb4 24. Bc3 Rb6 25. g3 Bb4 26. Bxb4+ Rxb4 27. Kg2 Ba6 28. Re3 Bxd3 29. Rdxd3 Rd8 30. Re1 Ke7 31. Rc3 Kd6 32. f3 d4 33.
Rd1 c5 34. f4 Kc6 35. Kf3 e5 36.
fxe5 Re8 37. Rcd3 Rxe5 38. c3 Rxb3 39. cxd4 Rxd3+ 40. Rxd3 cxd4 41. Rxd4 Kc5 42. Rd7 Kb4 43. Rxf7 Kxa4 44. Rxg7 Kb4 45. Kf4 Rb5 46. e5 a4 47.
e6 a3 48. Ra7 Kc5 49. e7 Rb8 50. Kf5 1-0

[Event "Late-Titled-Tuesday-Blitz-February-13-2024"]
[Site "Chess.com"]
[Date "2024.02.13"]
[Round "6"]
[White "A-Fier"]
[Black "Shankland"]
[Result "0-1"]
[WhiteElo "2774"]
[BlackElo "2948"]
[TimeControl "180+1"]
[EndTime "15:07:10 PST"]
[Termination "Shankland won by resignation"]

1. e4 c5 2. Nf3 d6 3. d4 cxd4 4. Nxd4 Nf6 5. Nc3 Nc6 6. Bc4 Qb6 7. Nxc6 bxc6 8. O-O g6 9. Qe1 Qc7 10. b3 Bg7 11.
Bb2 O-O 12. Rd1 Bb7 13. f4 Nxe4 14. Qxe4 d5 15. Qe2 dxc4 16. Qxc4 Qb6+ 17. Kh1 Ba6 18. Qe4 Bxf1 19. Rxf1 Rad8 20. Na4 Qa6 21. Ra1 Bxb2 22.
Nxb2 Rd2 23. h3 e6 24. Nc4 Rd5 25. a4 Rfd8 26. Kh2 Qc8 27. Re1 Qc7 28. Qe3 Rd4 29. Ne5 c5 30. Re2 Kg7 31. Qg3 R8d5 32. h4 f6 33. Nd3 Qd6 34. Qg4 Kf7 35. g3 c4 36.
bxc4 Rxc4 37. Qf3 Rxa4 38. Kh3 Kg7 39. Qe3 Kf7 40. Qf3 Qd7 41. Rf2 e5+ 42. f5 e4 43.
Qg4 Rxf5 44. Nc5 h5 45. Qxf5 gxf5 46. Nxd7 Rc4 47. Rd2 a5 48. Nb6 Rc6 49. Na4 Ke6 50. Kg2 Ke5 51. Kf2 f4 52. gxf4+ Kxf4 53. c3 e3+ 0-1

[Event "Late-Titled-Tuesday-Blitz-February-13-2024"]
[Site "Chess.com"]
[Date "2024.02.13"]
[Round "6"]
[White "riconaipe"]
[Black "picturesquecheck"]
[Result "1-0"]
[WhiteElo "2590"]
[BlackElo "2401"]
[TimeControl "180+1"]
[EndTime "15:07:10 PST"]
[Termination "riconaipe won by resignation"]

1. e4 c5 2. Nf3 d6 3. Bb5+ Bd7 4.
Bxd7+ Nxd7 5. O-O g6 6. c3 Bg7 7. d4 cxd4 8. cxd4 e6 9. Nc3 Ne7 10. Bf4 e5 11. dxe5 dxe5 12. Bg3 O-O 13. Nd5 Nc6 14.
Rc1 Rc8 15. Qb3 Nb6 16. Nxb6 Qxb6 17. Qxb6 axb6 18. Rfd1 Rfd8 19. Rd5 f6 20. Nd2 Ra8 21. a3 Bf8 22. Nc4 Bc5 23. Kf1 Bd4 24. f4 exf4 25. Bxf4 Ne5 26. Rd1 Rxd5 27. exd5 Nxc4 28. Rxd4 b5 29.
d6 Rd8 30. d7 Ne5 31. Bxe5 fxe5 32. Rd5 b4 33. axb4 Kf7 34. Rxe5 Rxd7 35. Rb5 Kg7 36. h4 h5 37. Ke2 Kh6 38. Ke3 Rc7 39. g3 Rd7 40.
Ke4 Rc7 41. Kd5 Rc2 42. Rxb7 Rxb2 43. b5 Rb3 44. b6 Rxg3 45. Re7 Rb3 46. b7 g5 47. Kc5 gxh4 48. Re6+ Kg5 49. Rb6 Rc3+ 50. Kd4 h3 51. Kxc3 h2 52. Rb1 1-0

[Event "Late-Titled-Tuesday-Blitz-February-13-2024"]
[Site "Chess.com"]
[Date "2024.02.13"]
[Round "6"]
[White "Zavgorodniy_Sergiy"]
[Black "nj123456"]
[Result "0-1"]
[WhiteElo "2644"]
[BlackElo "2417"]
[TimeControl "180+1"]
[EndTime "15:07:11 PST"]
[Termination "nj123456 won on time"]

1. d4 d5 2. c4 e6 3. Nf3 Nf6 4. e3 Be7 5. Nbd2 O-O 6. Bd3 a6 7. O-O dxc4 8. Nxc4 b5 9. Ncd2 Bb7 10. a4 b4 11. b3 c5 12. Bb2 Nc6 13. Qe2 cxd4 14. Nxd4 Nxd4 15. Bxd4 Qd5 16. Nf3 Qh5 17. Ne5 Qxe2 18.
Bxe2 Nd5 19. Rfc1 Rac8 20. Nc4 Bf6 21. Bxf6 Nxf6 22. Nd6 Rxc1+ 23. Rxc1 Bd5 24. Bc4 g6 25. Bxd5 Nxd5 26. Rc6 a5 27. e4 Nc3 28. Ra6 Rd8 29.
e5 Ne2+ 30. Kf1 Nd4 31. Rxa5 Nxb3 32. Rb5 Nd4 33. Rb7 b3 34. Rb4 Nc6 35. Rxb3 Nxe5 36. Nb5 Rd1+ 37. Ke2 Ra1 38. Rb4 Nc6 39. Rc4 Ne7 40. Nc3 Ra3 41. Kd2 Kg7 42. Kc2 Ra1 43.
Rd4 e5 44. Rd2 Nc6 45. Kb2 Rg1 46. g3 Nd4 47. h4 Nc6 48. Rd1 Na5 0-1

[Event "Late-Titled-Tuesday-Blitz-February-13-2024"]
[Site "Chess.com"]
[Date "2024.02.13"]
[Round "6"]
[White "ckgchess"]
[Black "Bigfish1995"]
[Result "0-1"]
[WhiteElo "2865"]
[BlackElo "3171"]
[TimeControl "180+1"]
[EndTime "15:07:13 PST"]
[Termination "Bigfish1995 won on time"]

1. e4 c6 2. d4 d5 3. e5 Bf5 4. h4 h5 5. c4 e6 6. Nc3 Ne7 7.
Nge2 Nd7 8. Ng3 Bg4 9. f3 Bf5 10.
cxd5 exd5 11. Bg5 f6 12. Nxf5 Nxf5 13. Bd3 fxg5 14. Bxf5 Rh6 15. Qd3 Qe7 16. O-O-O O-O-O 17. Kb1 Kb8 18. g3 gxh4 19. gxh4 Nb6 20. f4 Qf7 21. Rhf1 Be7 22. Bh3 g6 23. Qg3 Ka8 24. f5 gxf5 25.
Bxf5 Rhh8 26. Bd3 Qg8 27. Qxg8 Rdxg8 28. Rf4 a5 29. Ne2 Rg2 30. Rdf1 Ka7 31. b3 Rh2 32. Rf7 Bxh4 33. Rg7 Rf2 34. Rh1 Bd8 35. Ng3 h4 36. Nf5 Nc8 37. e6 Re8 38. Re1 h3 39. Rh7 h2 40.
Rh6 Bg5 41. Rh5 Bf4 42. Bc2 Ne7 43. Nxe7 Rxe7 44. Rf5 Rxe6 0-1

[Event "Late-Titled-Tuesday-Blitz-February-13-2024"]
[Site "Chess.com"]
[Date "2024.02.13"]
[Round "6"]
[White "FontVella8"]
[Black "Rawnsdale"]
[Result "1-0"]
[WhiteElo "2710"]
[BlackElo "2528"]
[TimeControl "180+1"]
[EndTime "15:07:14 PST"]
[Termination "FontVella8 won by resignation"]

1. Nf3 Nf6 2. c4 e6 3. g3 d5 4. Bg2 Be7 5. O-O O-O 6. b3 Nbd7 7. Bb2 b6 8. e3 Bb7 9. d4 dxc4 10. bxc4 c5 11. d5 exd5 12. Nh4 Ne4 13. cxd5 Ndf6 14. Nf5 Nd6 15. Nxe7+ Qxe7 16. Nc3 Rad8 17. e4 Nc4 18. Qe2 Nxb2 19. Qxb2 Ng4 20. Rad1 f5 21. h3 Ne5 22. exf5 Rxf5 23. Rfe1 Qf7 24. f4 Nc4 25. Qb3 Nd6 26.
Re5 g5 27. g4 Rxf4 28. Rxg5+ Kh8 29. Ne2 Rf6 30. Ng3 Rg6 31. Qc3+ Kg8 32. Nf5 Nxf5 33. Rxf5 Qg7 34. Qf3 Rgd6 35. Qf4 h6 36. Kh2 b5 37. Be4 c4 38. g5 h5 39. Rf6 Rxf6 40. gxf6 Qh8 41.
Rg1+ Kf8 42. Qe5 Rd7 43. Qb8+ Kf7 44. Qxh8 1-0

[Event "Late-Titled-Tuesday-Blitz-February-13-2024"]
[Site "Chess.com"]
[Date "2024.02.13"]
[Round "6"]
[White "zajka-molotok"]
[Black "Yurovskykh_Oleksandr"]
[Result "0-1"]
[WhiteElo "2499"]
[BlackElo "2693"]
[TimeControl "180+1"]
[EndTime "15:07:14 PST"]
[Termination "Yurovskykh_Oleksandr won on time"]

1. b4 c6 2. Bb2 a5 3. a3 axb4 4. axb4 Rxa1 5. Bxa1 Qb6 6. c3 d5 7. e3 Bf5 8. Nf3 e6 9. Be2 Nf6 10. O-O Nbd7 11. d3 h6 12. Nbd2 Be7 13. Nd4 Bh7 14. f4 O-O 15. N2f3 Qc7 16. b5 c5 17. Nb3 e5 18.
Qc1 e4 19. dxe4 Nxe4 20. c4 dxc4 21. Bxc4 Bf6 22. Bxf6 Nexf6 23. Rd1 b6 24. Nbd2 Re8 25.
Nf1 Be4 26. Qb2 Bxf3 27. gxf3 Nf8 28. f5 N8h7 29. e4 Ng5 30. Qg2 Qf4 31. Be2 Ra8 32. Qg3 Nh5 33. Qxf4 Nxf4 34. Kf2 Ra2 35. Rd2 Ra1 36.
h4 Ngh3+ 37. Ke3 Ng2+ 0-1

[Event "Late-Titled-Tuesday-Blitz-February-13-2024"]
[Site "Chess.com"]
[Date "2024.02.13"]
[Round "6"]
[White "NikolaGry"]
[Black "mjelcic"]
[Result "1-0"]
[WhiteElo "2718"]
[BlackElo "2226"]
[TimeControl "180+1"]
[EndTime "15:07:14 PST"]
[Termination "NikolaGry won on time"]

1. d4 Nf6 2. Bg5 Ne4 3. h4 h6 4. Bf4 c5 5. dxc5 Qa5+ 6. Nd2 Nc6 7. c3 Nxd2 8. b4 Qa3 9. Qxd2 g6 10. Rb1 Bg7 11.
Rb3 Qa4 12. Nf3 b5 13. e3 a5 14. bxa5 Rxa5 15. Be2 Qxa2 16. Qd1 Qa4 17. O-O O-O 18. Bg3 Bb7 19. Nd4 Nxd4 20. cxd4 Bd5 21. Rxb5 Qxd1 22. Rxd1 Ra2 23. Bf3 Bxf3 24. gxf3 Ra7 25.
Rdb1 Rd8 26. Rb7 Rda8 27. Rb8+ Kh7 28. Rxa8 Rxa8 29. Rb7 Ra1+ 30. Kg2 d6 31. cxd6 exd6 32. Rxf7 Kg8 33. Rd7 d5 34. Rxd5 Kf7 35. Rd7+ Kg8 36. Be5 Bf8 37. f4 Ra5 38. Rc7 Ra6 39. Kf3 1-0

[Event "Late-Titled-Tuesday-Blitz-February-13-2024"]
[Site "Chess.com"]
[Date "2024.02.13"]
[Round "6"]
[White "Msb2"]
[Black "dretch"]
[Result "1-0"]
[WhiteElo "3021"]
[BlackElo "2885"]
[TimeControl "180+1"]
[EndTime "15:07:16 PST"]
[Termination "Msb2 won on time"]

1. d4 d5 2. c4 c6 3. Nf3 Nf6 4. Nc3 dxc4 5. e4 b5 6. Qc2 e6 7. Be2 Nbd7 8. O-O Bb7 9. b3 b4 10.
e5 Nd5 11. Bg5 Qc7 12. Nxd5 cxd5 13. bxc4 dxc4 14. Bxc4 h6 15. Bh4 g5 16. Bg3 Be7 17. Rac1 h5 18. Qb3 Qb6 19. d5 Nc5 20. Qb1 exd5 21.
Be2 h4 22. Nd4 hxg3 23. Bb5+ Kf8 24. Qf5 Ne6 25. fxg3 Qxd4+ 26. Kh1 Nd8 27. Rc7 Qe4 28.
Qf2 d4 29. Rxb7 Qxb7 30. Bc4 Bc5 31. Qf6 Rh7 32. e6 Qe7 33. Qf5 f6 34. Qxg5 Rg7 35.
Rxf6+ Kg8 36. Qf5 Bd6 37. Bd3 Nxe6 38. Rxe6 Rf8 39. Qd5 Qf7 40. h4 Bb8 41. Bc4 1-0